PAAA
BAKERSFIELD NOBLES @ CALGARY LYNX
09/02/2032
 
TOP OF THE 1ST
Bakersfield Nobles batting - Pitching for Calgary Lynx : RHP Sjoerd Reynoud
Pitching: RHP Sjoerd Reynoud
Batting: LHB Alberto Enríquez 0-0: Swinging Strike
0-1: DOUBLE (Line Drive, 9LM)
Batting: LHB Hideki Hisanobu 0-0: Swinging Strike
0-1: Fly out, F7 (Flyball, 7S)
Batting: LHB Theo Fightmaster 0-0: Called Strike
0-1: Ball
1-1: Called Strike
Alberto Enríquez is caught stealing 3rd base
1-2: Ground out U3 (Groundball, 3D)
Top of the 1st over - 0 runs, 1 hit, 0 errors, 0 left on base; Bakersfield 0 - Calgary 0
BOTTOM OF THE 1ST
Calgary Lynx batting - Pitching for Bakersfield Nobles : RHP Cameron Frye
Pitching: RHP Cameron Frye
Batting: RHB Dhyana Snigdha 0-0: Ball
1-0: Ground out 1-3 (Groundball, 13S)
Batting: LHB Juan Aranda 0-0: Ball
1-0: Ball
2-0: Ball
3-0: Base on Balls
Batting: LHB Johan Kroening 0-0: Fly out, F9 (Line Drive, 9)
Batting: LHB Bennett Whitford 0-0: Ball
Juan Aranda steals 2nd base
1-0: Ball
2-0: Ball
3-0: Called Strike
3-1: Foul Ball, location: 2F
3-2: Base on Balls
Batting: SHB Ted Striker 0-0: Hit by Pitch
Juan Aranda to third
Bennett Whitford to second
Batting: RHB Ángelo Delgado 0-0: Fly out, F9 (Flyball, 9S)
Bottom of the 1st over - 0 runs, 0 hits, 0 errors, 3 left on base; Bakersfield 0 - Calgary 0
TOP OF THE 2ND
Bakersfield Nobles batting - Pitching for Calgary Lynx : RHP Sjoerd Reynoud
Batting: SHB Edward Sterrenburg 0-0: Ground out U3 (Groundball, 3)
Batting: RHB Wade Killefer 0-0: Ground out 6-3 (Groundball, 6)
Batting: RHB Pil-joong Pak 0-0: Ball
1-0: Ball
2-0: Ball
3-0: Called Strike
3-1: Base on Balls
Batting: LHB Timmy Appeldoorn 0-0: Ball
1-0: Called Strike
1-1: Swinging Strike
1-2: Foul Ball, location: 2F
1-2: Strikes out looking
Top of the 2nd over - 0 runs, 0 hits, 0 errors, 1 left on base; Bakersfield 0 - Calgary 0
BOTTOM OF THE 2ND
Calgary Lynx batting - Pitching for Bakersfield Nobles : RHP Cameron Frye
Batting: RHB Luis Delvalle 0-0: Called Strike
0-1: Ball
1-1: Called Strike
1-2: Ball
2-2: Ball
3-2: DOUBLE (Line Drive, 8LD)
Batting: RHB José de la Cavallería 0-0: Ball
1-0: Ball
2-0: Called Strike
2-1: Fly out, F8 (Flyball, 8LD)
Batting: RHB Michael Garrett 0-0: Called Strike
0-1: Foul Ball, location: 2F
0-2: Strikes out swinging
Batting: RHB Dhyana Snigdha 0-0: Ball
1-0: Foul Ball, location: 2F
1-1: SINGLE (Groundball, 34) (infield hit)
Luis Delvalle to third
Batting: LHB Juan Aranda 0-0: Called Strike
0-1: Ball
1-1: Called Strike
1-2: Ball
2-2: Foul Ball, location: 2F
2-2: SINGLE (Groundball, 34S) (infield hit)
Luis Delvalle scores
Dhyana Snigdha to second
Batting: LHB Johan Kroening 0-0: SINGLE (Line Drive, 34)
Dhyana Snigdha to third
Juan Aranda to second
Runner from 3rd tries for Home, SAFE, no throw
Batting: LHB Bennett Whitford 0-0: Ground out U3 (Groundball, 34S)
Bottom of the 2nd over - 2 runs, 4 hits, 0 errors, 2 left on base; Bakersfield 0 - Calgary 2
TOP OF THE 3RD
Bakersfield Nobles batting - Pitching for Calgary Lynx : RHP Sjoerd Reynoud
Batting: RHB António Padilla 0-0: Ball
1-0: Swinging Strike
1-1: Ball
2-1: Ball
3-1: Swinging Strike
3-2: Strikes out looking
Batting: RHB Edwin Berns 0-0: Called Strike
0-1: Foul Ball, location: 2F
0-2: Ground out 4-3 (Groundball, 4M)
Batting: LHB Alberto Enríquez 0-0: Ball
1-0: Foul Ball, location: 2F
1-1: Ball
2-1: Called Strike
2-2: Foul Ball, location: 2F
2-2: Ball
3-2: SINGLE (Line Drive, 6D)
Batting: LHB Hideki Hisanobu 0-0: Ground out 4-3 (Groundball, 34)
Top of the 3rd over - 0 runs, 1 hit, 0 errors, 1 left on base; Bakersfield 0 - Calgary 2
BOTTOM OF THE 3RD
Calgary Lynx batting - Pitching for Bakersfield Nobles : RHP Cameron Frye
Batting: SHB Ted Striker 0-0: Called Strike
0-1: Ball
1-1: Ball
2-1: Fly out, F6 (Popup, 6)
Batting: RHB Ángelo Delgado 0-0: SINGLE (Flyball, 78M)
Batting: RHB Luis Delvalle 0-0: Ball
1-0: Ball
2-0: Ball
3-0: Called Strike
3-1: Swinging Strike
3-2: Foul Ball, location: 2F
3-2: SINGLE (Line Drive, 78S)
Ángelo Delgado to second
Batting: RHB José de la Cavallería 0-0: Called Strike
0-1: Foul Ball, location: 2F
0-2: Ball
1-2: Strikes out swinging
Batting: RHB Michael Garrett 0-0: Swinging Strike
0-1: Ball
1-1: Called Strike
1-2: Strikes out swinging
Bottom of the 3rd over - 0 runs, 2 hits, 0 errors, 2 left on base; Bakersfield 0 - Calgary 2
TOP OF THE 4TH
Bakersfield Nobles batting - Pitching for Calgary Lynx : RHP Sjoerd Reynoud
Batting: LHB Theo Fightmaster 0-0: Ball
1-0: Foul Ball, location: 2F
1-1: SINGLE (Flyball, 7LS)
Batting: SHB Edward Sterrenburg 0-0: SINGLE (Line Drive, 7LS)
Theo Fightmaster to second
Batting: RHB Wade Killefer 0-0: Ground out 5-3 (Groundball, 56S)
Theo Fightmaster to third
Edward Sterrenburg to second
Batting: RHB Pil-joong Pak 0-0: Called Strike
0-1: Ball
1-1: Ball
2-1: Swinging Strike
2-2: Ball
3-2: Foul Ball, location: 2F
3-2: Strikes out swinging
Batting: LHB Timmy Appeldoorn 0-0: Ground out 4-3 (Groundball, 4)
Top of the 4th over - 0 runs, 2 hits, 0 errors, 2 left on base; Bakersfield 0 - Calgary 2
BOTTOM OF THE 4TH
Calgary Lynx batting - Pitching for Bakersfield Nobles : RHP Cameron Frye
Batting: RHB Dhyana Snigdha 0-0: Called Strike
0-1: Ball
1-1: Fly out, F4 (Line Drive, 4M)
Batting: LHB Juan Aranda 0-0: Ball
1-0: Ball
2-0: Called Strike
2-1: Fly out, F9 (Flyball, 89M)
Batting: LHB Johan Kroening 0-0: Foul Ball, location: 2F
0-1: Foul Ball, location: 2F
0-2: Fly out, F2 (Popup, 2R)
Bottom of the 4th over - 0 runs, 0 hits, 0 errors, 0 left on base; Bakersfield 0 - Calgary 2
TOP OF THE 5TH
Bakersfield Nobles batting - Pitching for Calgary Lynx : RHP Sjoerd Reynoud
Batting: RHB António Padilla 0-0: Ball
1-0: Foul Ball, location: 2F
1-1: Ground out 1-3 (Groundball, 13)
Batting: RHB Edwin Berns 0-0: Called Strike
0-1: Ball
1-1: Swinging Strike
1-2: Strikes out looking
Batting: LHB Alberto Enríquez 0-0: Ball
1-0: Ball
2-0: Ball
3-0: Base on Balls
Batting: LHB Hideki Hisanobu 0-0: Called Strike
0-1: Ball
1-1: Ball
2-1: Fly out, F6 (Flyball, 56D)
Top of the 5th over - 0 runs, 0 hits, 0 errors, 1 left on base; Bakersfield 0 - Calgary 2
BOTTOM OF THE 5TH
Calgary Lynx batting - Pitching for Bakersfield Nobles : RHP Cameron Frye
Batting: LHB Bennett Whitford 0-0: Called Strike
0-1: Swinging Strike
0-2: Strikes out swinging
Batting: SHB Ted Striker 0-0: Ball
1-0: Called Strike
1-1: Ball
2-1: Ground out 1-3 (Groundball, 15S)
Batting: RHB Ángelo Delgado 0-0: Fly out, F9 (Flyball, 89S)
Bottom of the 5th over - 0 runs, 0 hits, 0 errors, 0 left on base; Bakersfield 0 - Calgary 2
TOP OF THE 6TH
Bakersfield Nobles batting - Pitching for Calgary Lynx : RHP Sjoerd Reynoud
Batting: LHB Theo Fightmaster 0-0: Ground out 4-3 (Groundball, 4M)
Batting: SHB Edward Sterrenburg 0-0: Foul Ball, location: 2F
0-1: Ball
1-1: Ball
2-1: Ball
3-1: Base on Balls
Batting: RHB Wade Killefer 0-0: Called Strike
0-1: SINGLE (Line Drive, 6MD)
Edward Sterrenburg to second
Batting: RHB Pil-joong Pak 0-0: Called Strike
0-1: Ball
1-1: Ball
2-1: Foul Ball, location: 2F
2-2: Ball
3-2: SINGLE (Groundball, 56D)
Edward Sterrenburg to third
Wade Killefer to second
Runner from 3rd tries for Home, SAFE, no throw
Batting: LHB Timmy Appeldoorn 0-0: Fly out, F5 (Popup, 56S)
Batting: RHB António Padilla 0-0: Ball
1-0: Fly out, F8 (Line Drive, 8RM)
Top of the 6th over - 1 run, 2 hits, 0 errors, 2 left on base; Bakersfield 1 - Calgary 2
BOTTOM OF THE 6TH
Calgary Lynx batting - Pitching for Bakersfield Nobles : RHP Cameron Frye
Batting: RHB Luis Delvalle 0-0: Ball
1-0: SINGLE (Line Drive, 56D)
Batting: RHB José de la Cavallería 0-0: Swinging Strike
0-1: Foul Ball, location: 2F
0-2: Ball
1-2: Strikes out swinging
Pitching: LHP Mario López
Batting: RHB Michael Garrett 0-0: Called Strike
0-1: Swinging Strike
0-2: Ball
1-2: Ground out 3-1 (Groundball, 34S)
Luis Delvalle to second
Batting: RHB Dhyana Snigdha 0-0: Ball
1-0: Ball
2-0: Foul Ball, location: 2F
2-1: Ball
3-1: Called Strike
3-2: Strikes out swinging
Bottom of the 6th over - 0 runs, 1 hit, 0 errors, 1 left on base; Bakersfield 1 - Calgary 2
TOP OF THE 7TH
Bakersfield Nobles batting - Pitching for Calgary Lynx : RHP Sjoerd Reynoud
Batting: RHB Edwin Berns 0-0: Ball
1-0: Called Strike
1-1: Fly out, F2 (Popup, 23F)
Batting: LHB Alberto Enríquez 0-0: Called Strike
0-1: Called Strike
0-2: Ball
1-2: Foul Ball, location: 2F
1-2: Foul Ball, location: 2F
1-2: Fly out, F5 (Popup, 5SF)
Batting: LHB Hideki Hisanobu 0-0: Ball
1-0: Ground out 6-3 (Groundball, 6S)
Top of the 7th over - 0 runs, 0 hits, 0 errors, 0 left on base; Bakersfield 1 - Calgary 2
BOTTOM OF THE 7TH
Calgary Lynx batting - Pitching for Bakersfield Nobles : LHP Mario López
Batting: LHB Juan Aranda 0-0: Called Strike
0-1: Ball
1-1: Foul Ball, location: 2F
1-2: Hit by Pitch
Batting: LHB Johan Kroening 0-0: Ball
1-0: Ball
2-0: Ball
3-0: Called Strike
3-1: Base on Balls
Juan Aranda to second
Pinch Hitting: RHB Danny Walsh 0-0: Ball
1-0: Ball
2-0: Ball
3-0: Base on Balls
Juan Aranda to third
Johan Kroening to second
Batting: SHB Ted Striker 0-0: Ball
1-0: Grounds into fielders choice 1-2 (Groundball, P)
Johan Kroening to third
Danny Walsh to second
Batting: RHB Ángelo Delgado 0-0: Ball
1-0: Foul Ball, location: 2F
1-1: Foul Ball, location: 2F
1-2: Ball
2-2: Fly out, F8 (Flyball, 89D)
Runner from 3rd tags up, SCORES, no throw
Batting: RHB Luis Delvalle 0-0: Called Strike
0-1: Swinging Strike
0-2: Strikes out swinging
Bottom of the 7th over - 1 run, 0 hits, 0 errors, 2 left on base; Bakersfield 1 - Calgary 3
TOP OF THE 8TH
Bakersfield Nobles batting - Pitching for Calgary Lynx : RHP Sjoerd Reynoud
Now at 2B: Danny Walsh
Batting: LHB Theo Fightmaster 0-0: Ball
1-0: Called Strike
1-1: Ball
2-1: Ground out 6-3 (Groundball, 6)
Batting: SHB Edward Sterrenburg 0-0: Called Strike
0-1: Foul Ball, location: 2F
0-2: Ball
1-2: Fly out, F5 (Popup, 5SF)
Batting: RHB Wade Killefer 0-0: Ball
1-0: Swinging Strike
1-1: Fly out, F9 (Flyball, 89XD)
Top of the 8th over - 0 runs, 0 hits, 0 errors, 0 left on base; Bakersfield 1 - Calgary 3
BOTTOM OF THE 8TH
Calgary Lynx batting - Pitching for Bakersfield Nobles : LHP Mario López
Batting: RHB José de la Cavallería 0-0: Foul Ball, location: 2F
0-1: SINGLE (Groundball, 56D)
Batting: RHB Michael Garrett 0-0: Ball
1-0: Sac Bunt - play at first, batter OUT! 5-4
José de la Cavallería to second
Batting: RHB Dhyana Snigdha 0-0: Swinging Strike
0-1: Ball
1-1: SINGLE (Flyball, 8RS)
José de la Cavallería to third
Runner from 3rd tries for Home, SAFE, no throw
Pitching: RHP Shu-de Cui
Batting: LHB Juan Aranda 0-0: Called Strike
0-1: Foul Ball, location: 2F
0-2: Ball
1-2: Ball
2-2: Ball
3-2: Strikes out swinging
Dhyana Snigdha steals 2nd base
Batter strikes out.
Batting: LHB Johan Kroening 0-0: Intentional Walk
Batting: RHB Danny Walsh 0-0: Called Strike
0-1: Ground out U3 (Groundball, 34)
Bottom of the 8th over - 1 run, 2 hits, 0 errors, 2 left on base; Bakersfield 1 - Calgary 4
TOP OF THE 9TH
Bakersfield Nobles batting - Pitching for Calgary Lynx : RHP Sjoerd Reynoud
Pitching: LHP Ramón Costello
Batting: RHB Pil-joong Pak 0-0: SINGLE (Line Drive, 8LS)
Batting: LHB Timmy Appeldoorn 0-0: Ball
1-0: Ball
2-0: Ball
3-0: Base on Balls
Pil-joong Pak to second
Batting: RHB António Padilla 0-0: Ball
1-0: Called Strike
1-1: Foul Ball, location: 2F
1-2: Strikes out looking
Pinch Hitting: RHB Brent Ryan 0-0: Ball
1-0: Called Strike
1-1: Ball
2-1: Swinging Strike
2-2: Strikes out swinging
Batting: LHB Alberto Enríquez 0-0: Called Strike
0-1: Ball
Wild Pitch!
Pil-joong Pak to third
Timmy Appeldoorn to second
1-1: Ground out 4-3 (Groundball, 4)
Top of the 9th over - 0 runs, 1 hit, 0 errors, 2 left on base; Bakersfield 1 - Calgary 4
Wednesday, September 19th, 2018 - OOTP Baseball 18.8 Build 76